[Event "Titled Tuesday Blitz October 19 2021"]
[White "Ibarra Jerez, Jose Carlos"]
[Black "Gelman, Alexander"]
[WhiteFideId "2226332"]
[BlackFideId "4118316"]
[WhiteElo "2626"]
[BlackElo "2375"]
[Result "1-0"]
[Round "03"]
[TimeControl "180+1"]
[Date "2021.10.19"]
[WhiteClock "0:00:05"]
[BlackClock "0:00:07"]

1. e4 c5 2. Nc3 e6 3. Nf3 a6 4. d4 cxd4 5. Nxd4 d6 6. Be3 Nf6 7. f3 b5 8. a4 b4 9. Na2 Bb7 10. Qd2 d5 11. e5 Nfd7 12. f4 Nc5 13. Bd3 Nbd7 14. Nxb4 Qc7 15. a5 g5 16. g3 gxf4 17. gxf4 Be7 18. Rg1 Rb8 19. c3 f6 20. exf6 Nxf6 21. Nf3 Nb3 22. Qd1 Nxa1 23. Qxa1 Bc8 24. Ne5 Rxb4 25. cxb4 Bxb4+ 26. Bd2 Qc5 27. Rg3 Nh5 28. Rf3 Rg8 29. Qa4+ Kd8 30. Qxb4 Rg1+ 31. Bf1 Qc2 32. Qb6+ Ke8 33. Qxg1 1-0


[Site "https://www.chess.com"]

[Event "Titled Tuesday Blitz October 19 2021"]
[White "Indjic, Aleksandar"]
[Black "Solon, Nathan"]
[WhiteFideId "911925"]
[BlackFideId "2017229"]
[WhiteElo "2643"]
[BlackElo "2669"]
[Result "0-1"]
[Round "03"]
[TimeControl "180+1"]
[Date "2021.10.19"]
[WhiteClock "0:00:17"]
[BlackClock "0:00:55"]

1. d4 Nf6 2. Nf3 d5 3. Bf4 c5 4. e3 e6 5. Nbd2 Bd6 6. dxc5 Bxc5 7. c4 O-O 8. a3 b6 9. Bd3 Bb7 10. O-O Nbd7 11. b4 Be7 12. h3 a5 13. Qb3 Ne4 14. cxd5 Nxd2 15. Nxd2 Bxd5 16. Bc4 Nf6 17. Rad1 axb4 18. axb4 b5 19. Bxd5 Qxd5 20. Qb1 Qa2 21. Nf3 Nd5 22. Nd4 Qa4 23. Nc6 Bf6 24. Rd3 Rfc8 25. Rc1 Rxc6 26. Rxc6 Nxb4 27. Rc1 Nxd3 28. Qxd3 b4 29. Qc4 g5 30. Bd6 b3 31. Qf1 b2 32. Rb1 Qc2 33. Kh2 Ra1 0-1


[Site "https://www.chess.com"]

[Event "Titled Tuesday Blitz October 19 2021"]
[White "Jaracz, Pawel"]
[Black "Obregon, Andres Carlos"]
[WhiteFideId "1102222"]
[BlackFideId "111724"]
[WhiteElo "2495"]
[BlackElo "2572"]
[Result "1-0"]
[Round "03"]
[TimeControl "180+1"]
[Date "2021.10.19"]
[WhiteClock "0:01:41"]
[BlackClock "0:01:03"]

1. e4 c6 2. d4 d5 3. Nc3 dxe4 4. Nxe4 Bf5 5. Ng3 Bg6 6. Nh3 e6 7. Nf4 Bd6 8. c3 Nf6 9. Qf3 Qc7 10. h4 Nbd7 11. h5 Bc2 12. Bd3 Bxd3 13. Nxd3 h6 14. Be3 Qa5 15. a4 Qd5 16. Qxd5 cxd5 17. Bf4 Bxf4 18. Nxf4 O-O 19. Nd3 Rfc8 20. Nf1 a6 21. a5 Ne4 22. Ne3 Nd6 23. f3 Nc4 24. Nxc4 Rxc4 25. g4 Re8 26. Kd2 Kf8 27. Ra3 Rc7 28. Re1 Nb8 29. b4 Nc6 30. Nc5 Na7 31. Ra2 Nb5 32. Kd3 Nd6 33. Rae2 Rce7 34. f4 Nb5 35. f5 exf5 36. Nd7+ 1-0


[Site "https://www.chess.com"]

[Event "Titled Tuesday Blitz October 19 2021"]
[White "Kollars, Dmitrij"]
[Black "Nigmatov, Ortik"]
[WhiteFideId "12909572"]
[BlackFideId "14202131"]
[WhiteElo "2584"]
[BlackElo "2346"]
[Result "0-1"]
[Round "03"]
[TimeControl "180+1"]
[Date "2021.10.19"]
[WhiteClock "0:00:20"]
[BlackClock "0:00:51"]

1. Nf3 Nf6 2. c4 g6 3. Nc3 Bg7 4. e4 d6 5. d4 O-O 6. Be2 e5 7. Be3 Ng4 8. Bg5 f6 9. Bh4 Nh6 10. Qd2 Nd7 11. O-O Nf7 12. Rad1 h5 13. h3 Bh6 14. Qc2 Bf4 15. Ne1 exd4 16. Rxd4 g5 17. Bg3 Be5 18. Bxe5 fxe5 19. Rd1 h4 20. b4 b6 21. Nd3 a5 22. a3 axb4 23. axb4 Nf6 24. c5 bxc5 25. bxc5 g4 26. hxg4 Nxg4 27. cxd6 cxd6 28. Nd5 Qg5 29. Qc1 Qg7 30. f3 Nf6 31. N3b4 Nh5 32. Rf2 Ng5 33. Kh2 Nxe4 34. Rff1 Qg3+ 35. Kh1 h3 36. gxh3 Qxh3+ 37. Kg1 Nhg3 0-1


[Site "https://www.chess.com"]

[Event "Titled Tuesday Blitz October 19 2021"]
[White "Le, Tuan Minh"]
[Black "Csonka, Balazs"]
[WhiteFideId "12401153"]
[BlackFideId "742910"]
[WhiteElo "2450"]
[BlackElo "2404"]
[Result "1-0"]
[Round "03"]
[TimeControl "180+1"]
[Date "2021.10.19"]
[WhiteClock "0:01:05"]
[BlackClock "0:00:02"]

1. d4 Nf6 2. Nf3 d5 3. Bf4 c5 4. c3 cxd4 5. cxd4 Nc6 6. Nc3 Bf5 7. Qb3 Na5 8. Qa4+ Bd7 9. Qc2 e6 10. e3 Rc8 11. Bd3 Be7 12. O-O O-O 13. Ne5 Nc6 14. a3 Nxe5 15. Bxe5 g6 16. Qe2 Bc6 17. Qf3 Ne8 18. Qh3 Ng7 19. Rac1 f6 20. Bf4 Bd6 21. Bh6 Qe7 22. Rc2 Rc7 23. Rfc1 Rfc8 24. Qf3 Nf5 25. Bf4 Bxf4 26. Qxf4 Nd6 27. Qg3 Kg7 28. h4 Be8 29. h5 Bf7 30. hxg6 hxg6 31. Qf4 e5 32. Qg3 e4 33. Be2 Nf5 34. Qf4 Be6 35. Nxd5 Rxc2 36. Rxc2 Qd8 37. Rxc8 Qxc8 38. Nc3 Qd7 39. Qxe4 Nd6 40. Qf4 b6 41. e4 Nf7 42. d5 1-0


[Site "https://www.chess.com"]

[Event "Titled Tuesday Blitz October 19 2021"]
[White "Lugovskoy, Maxim"]
[Black "atbenina64"]
[WhiteFideId "24126454"]
[WhiteElo "2466"]
[BlackElo "2526"]
[Result "0-1"]
[Round "03"]
[TimeControl "180+1"]
[Date "2021.10.19"]
[WhiteClock "0:00:01"]
[BlackClock "0:00:04"]

1. e4 c5 2. Nf3 e6 3. c3 Nf6 4. e5 Nd5 5. d4 cxd4 6. cxd4 d6 7. Bc4 Nc6 8. O-O Be7 9. Qe2 O-O 10. Rd1 a6 11. Bd2 b5 12. Bb3 Bb7 13. Nc3 Nxc3 14. Bxc3 d5 15. Bd2 Re8 16. Bc2 Qb6 17. Be3 Rac8 18. h4 a5 19. Rac1 Nb4 20. Bb1 Rxc1 21. Rxc1 Rc8 22. Rxc8+ Bxc8 23. Bg5 Bf8 24. h5 Qc7 25. Bd2 Qc4 26. Qe3 g6 27. Ng5 Bd7 28. hxg6 hxg6 29. Qh3 Bg7 30. Qh7+ Kf8 31. Nxf7 Qxd4 32. Qxg6 Qxd2 33. Ng5 Qe1+ 34. Kh2 Qxe5+ 35. g3 Ke7 36. Qf7+ Kd6 37. Qh5 Qxb2 38. Qg6 Qxf2+ 39. Kh3 Qf1+ 40. Kh2 Qf6 41. Qh5 Kc7 42. Qg4 Nc6 43. Nf3 Qb2+ 44. Kh3 e5 0-1


[Site "https://www.chess.com"]

[Event "Titled Tuesday Blitz October 19 2021"]
[White "Matinian, Nikita"]
[Black "Zhigalko, Sergei"]
[WhiteFideId "24129100"]
[BlackFideId "13502956"]
[WhiteElo "2464"]
[BlackElo "2662"]
[Result "0-1"]
[Round "03"]
[TimeControl "180+1"]
[Date "2021.10.19"]
[WhiteClock "0:00:01"]
[BlackClock "0:00:09"]

1. e4 c5 2. Nf3 Nc6 3. Bb5 Nf6 4. Bxc6 dxc6 5. d3 Bg4 6. h3 Bh5 7. Nc3 Nd7 8. g4 Bg6 9. Bf4 Qb6 10. Qd2 O-O-O 11. a4 f6 12. a5 Qa6 13. e5 e6 14. Qe2 f5 15. Nd2 b5 16. Nd1 Be7 17. c4 fxg4 18. hxg4 Rhf8 19. Bg3 Bg5 20. Ne4 Bf4 21. Nd6+ Kc7 22. Bxf4 Rxf4 23. Nc3 b4 24. Nd1 Rd4 25. f3 Bxd3 26. Qe3 Bxc4 27. Rxh7 Rg8 28. Nf2 Bd3 29. Rh5 Bc2 30. Rc1 b3 31. Rg5 Qxa5+ 32. Kf1 Qd2 33. Qxd2 Rxd2 34. Nfe4 Bxe4 35. Nxe4 Rxb2 36. Nxc5 Nxc5 37. Rxc5 Rc2 38. Ra5 b2 39. Rxa7+ Kb6 0-1


[Site "https://www.chess.com"]

[Event "Titled Tuesday Blitz October 19 2021"]
[White "Mikhalevski, Victor"]
[Black "Aldokhin, Ivan"]
[WhiteFideId "2801914"]
[BlackFideId "24115720"]
[WhiteElo "2577"]
[BlackElo "2231"]
[Result "1-0"]
[Round "03"]
[TimeControl "180+1"]
[Date "2021.10.19"]
[WhiteClock "0:01:21"]
[BlackClock "0:00:14"]

1. Nf3 Nf6 2. g3 g6 3. b3 Bg7 4. Bb2 O-O 5. Bg2 d6 6. d4 a5 7. O-O Nc6 8. c4 a4 9. Nbd2 a3 10. Bc3 e6 11. Qc2 Qe8 12. Rad1 e5 13. d5 Ne7 14. e4 b6 15. b4 Ba6 16. Rfe1 Nd7 17. Ba1 h6 18. Nb3 f5 19. exf5 gxf5 20. c5 Rc8 21. Nh4 Qh5 22. f4 e4 23. Bxg7 Kxg7 24. Nd4 Nxd5 25. Ne6+ Kf7 26. Nxf8 Kxf8 27. Rxd5 bxc5 28. Rxf5+ 1-0


[Site "https://www.chess.com"]

[Event "Titled Tuesday Blitz October 19 2021"]
[White "Mischuk, Dmitry"]
[Black "Salinas Herrera, Pablo"]
[WhiteFideId "14118734"]
[BlackFideId "3407128"]
[WhiteElo "2369"]
[BlackElo "2541"]
[Result "1/2-1/2"]
[Round "03"]
[TimeControl "180+1"]
[Date "2021.10.19"]
[WhiteClock "0:00:50"]
[BlackClock "0:00:19"]

1. e4 e5 2. Nf3 Nc6 3. Bb5 a6 4. Ba4 d6 5. Bxc6+ bxc6 6. d4 exd4 7. Nxd4 c5 8. Nb3 g6 9. O-O Bg7 10. Nc3 Ne7 11. Bf4 O-O 12. Qd2 f5 13. Bh6 Bb7 14. Bxg7 Kxg7 15. Rfe1 fxe4 16. Na5 Rb8 17. Nxb7 Rxb7 18. Nxe4 Nc6 19. Ng5 Nd4 20. c3 h6 21. cxd4 Qxg5 22. Qxg5 hxg5 23. dxc5 Rxb2 24. f3 g4 25. Re7+ Kh6 26. Rxc7 gxf3 27. gxf3 Rxf3 28. cxd6 Rff2 29. d7 Rg2+ 30. Kf1 Rxh2 31. Kg1 Rbg2+ 32. Kf1 Rd2 33. Kg1 Rh5 34. Re1 Rhd5 35. Re6 Rxa2 36. Re1 a5 37. Ra7 a4 38. Rf1 Rdd2 39. Rf8 Ra1+ 40. Rf1 Ra3 41. Rf8 Rg3+ 42. Kf1 Rgd3 43. d8=Q Rxd8 44. Rxd8 Rxd8 45. Rxa4 Rd2 46. Ra5 Rb2 47. Kg1 g5 48. Ra4 Kh5 49. Rc4 g4 50. Ra4 Kh4 51. Ra3 Rb1+ 52. Kg2 Rb2+ 53. Kg1 Re2 54. Rb3 Re4 55. Kg2 Rf4 56. Rb8 Rf5 57. Rh8+ Rh5 58. Rxh5+ Kxh5 59. Kg3 Kg5 60. Kg2 Kf4 61. Kf2 g3+ 62. Kg2 Kg4 63. Kg1 Kf3 64. Kf1 g2+ 65. Kg1 Kg3 1/2-1/2


[Site "https://www.chess.com"]

[Event "Titled Tuesday Blitz October 19 2021"]
[White "Moskalenko, Alexander"]
[Black "Horobetz, Graham"]
[WhiteFideId "4155351"]
[BlackFideId "2047322"]
[WhiteElo "2515"]
[BlackElo "2618"]
[Result "1-0"]
[Round "03"]
[TimeControl "180+1"]
[Date "2021.10.19"]
[WhiteClock "0:02:53"]
[BlackClock "0:02:21"]

1. e4 c5 2. Nf3 d6 3. d4 cxd4 4. Nxd4 Nf6 5. Nc3 a6 6. Be3 e5 7. Nf3 Be7 8. Bc4 Be6 9. Bb3 O-O 10. O-O h6 11. Nh4 Qb6 1-0


[Site "https://www.chess.com"]

[Event "Titled Tuesday Blitz October 19 2021"]
[White "Nakamura, Hikaru"]
[Black "Khanin, Semen"]
[WhiteFideId "2016192"]
[BlackFideId "4111990"]
[WhiteElo "2884"]
[BlackElo "2436"]
[Result "1-0"]
[Round "03"]
[TimeControl "180+1"]
[Date "2021.10.19"]
[WhiteClock "0:01:42"]
[BlackClock "0:00:06"]

1. Nf3 Nf6 2. e3 e6 3. b3 b6 4. Bb2 Bb7 5. d4 d5 6. Nbd2 Nbd7 7. c4 Bd6 8. cxd5 exd5 9. a4 a6 10. Ba3 c5 11. Bd3 O-O 12. Qb1 Qe7 13. O-O Rac8 14. dxc5 bxc5 15. Bf5 g6 16. Bh3 Rb8 17. Qc2 Ne5 18. Nxe5 Qxe5 19. g3 d4 20. Nc4 Qd5 21. f3 dxe3 22. Rad1 Qh5 23. Rxd6 Qxh3 24. Rxf6 Rfe8 25. Bb2 e2 26. Re1 Rbd8 27. Nd6 Rxd6 28. Rxe2 Rxe2 29. Qxe2 Rxf6 30. Bxf6 Qe6 31. Qb2 Bxf3 32. Kf2 Bd5 33. Qc3 Qf5+ 34. Ke1 Qe4+ 35. Kd2 Qg2+ 36. Kc1 Qh1+ 37. Kb2 Qxh2+ 38. Ka3 Qf2 39. Qe5 1-0


[Site "https://www.chess.com"]

[Event "Titled Tuesday Blitz October 19 2021"]
[White "Neelotpal, Das"]
[Black "Nagy, Gabor"]
[WhiteFideId "5003512"]
[BlackFideId "737119"]
[WhiteElo "2427"]
[BlackElo "2534"]
[Result "0-1"]
[Round "03"]
[TimeControl "180+1"]
[Date "2021.10.19"]
[WhiteClock "0:00:02"]
[BlackClock "0:00:49"]

1. d4 g6 2. e4 Bg7 3. Nc3 d6 4. Be3 a6 5. Qd2 b5 6. h4 h5 7. f3 Nd7 8. Nh3 c5 9. Ng5 cxd4 10. Bxd4 Ngf6 11. O-O-O Bb7 12. Kb1 Rc8 13. Qf2 O-O 14. g4 b4 15. Nd5 Bxd5 16. exd5 Ne5 17. gxh5 Nxh5 18. Bh3 Rc4 19. f4 Nd7 20. Bxg7 Kxg7 21. f5 Rf4 22. Qe3 Nc5 23. fxg6 fxg6 24. Rde1 Rxh4 25. Be6 Rxh1 26. Rxh1 Rf6 27. Bg4 Qf8 28. Nf3 Nf4 29. Ng5 Nh5 30. Qe1 a5 31. Bxh5 gxh5 32. a3 bxa3 33. Qe2 axb2 34. Qxh5 Rf1+ 35. Rxf1 Qxf1+ 36. Kxb2 Qf6+ 37. Kb1 Qg6 38. Qg4 a4 39. Qd4+ Kg8 40. Qg4 a3 41. Qc8+ Kg7 42. Nf3 a2+ 43. Kb2 Qf6+ 44. Kxa2 Qxf3 0-1


[Site "https://www.chess.com"]

[Event "Titled Tuesday Blitz October 19 2021"]
[White "Orlov, Georgi"]
[Black "Kezin, Roman"]
[WhiteFideId "2011271"]
[BlackFideId "24124621"]
[WhiteElo "2568"]
[BlackElo "2557"]
[Result "0-1"]
[Round "03"]
[TimeControl "180+1"]
[Date "2021.10.19"]
[WhiteClock "0:00:01"]
[BlackClock "0:00:32"]

1. d4 d5 2. Nf3 Nf6 3. Bf4 c5 4. e3 Nc6 5. Nc3 cxd4 6. exd4 Bg4 7. h3 Bxf3 8. Qxf3 Nxd4 9. Qd3 Nc6 10. O-O-O e6 11. g4 Bd6 12. Be3 O-O 13. f4 d4 14. Bxd4 Bxf4+ 15. Kb1 Qxd4 16. Qxd4 Nxd4 17. Rxd4 Be5 18. Rd3 Rad8 19. Bg2 Rxd3 20. cxd3 Bxc3 21. bxc3 b6 22. c4 Rd8 23. Kc2 Nd7 24. Re1 Nc5 25. Re3 f6 26. Kc3 e5 27. Bd5+ Kf8 28. d4 exd4+ 29. Kxd4 Re8 30. Ra3 Re7 31. Rf3 Ke8 32. Rf2 Kd7 33. h4 Kd6 34. g5 Nd7 35. Be4 g6 36. gxf6 Rf7 37. h5 gxh5 38. Rf5 Nxf6 39. Bd5 Rf8 40. Re5 Nxd5 41. Rxd5+ Kc6 42. Rxh5 Rf4+ 43. Kc3 Rf7 44. Kb4 Kd6 45. Rh6+ Ke5 46. c5 bxc5+ 47. Kxc5 Kf5 48. a4 Kg5 49. Rh1 h5 50. Rg1+ Kf5 51. Rf1+ Ke6 52. Rd1 Rh7 53. Re1+ Kf5 54. Rf1+ Ke4 55. Re1+ Kf3 56. Rf1+ Kg2 57. Rf6 h4 58. Rg6+ Kf3 59. Rf6+ Kg4 60. Rg6+ Kf5 61. Rg1 h3 62. Kd4 h2 63. Rf1+ Kg4 64. Rh1 Kf3 65. Kd3 Kg2 66. Rxh2+ Kxh2 0-1


[Site "https://www.chess.com"]

[Event "Titled Tuesday Blitz October 19 2021"]
[White "Praggnanandhaa R"]
[Black "Tristan, Leonardo"]
[WhiteFideId "25059530"]
[BlackFideId "113816"]
[WhiteElo "2599"]
[BlackElo "2404"]
[Result "1-0"]
[Round "03"]
[TimeControl "180+1"]
[Date "2021.10.19"]
[WhiteClock "0:00:19"]
[BlackClock "0:00:05"]

1. e4 d5 2. exd5 Qxd5 3. Nc3 Qa5 4. d4 Nf6 5. Nf3 Bf5 6. Ne5 c6 7. g4 Be6 8. Bg2 Nbd7 9. Nxd7 Bxd7 10. g5 Nd5 11. O-O Nxc3 12. bxc3 O-O-O 13. Qf3 Qf5 14. Bf4 h6 15. Qg3 Qg4 16. Qxg4 Bxg4 17. gxh6 g6 18. Rfe1 e6 19. Rab1 Bxh6 20. Be5 Rhf8 21. h3 Bf5 22. Re2 f6 23. Bg3 Rf7 24. a4 a5 25. Rb6 Bf8 26. Re1 Bd6 27. Rb2 Rh7 28. Reb1 Bxg3 29. fxg3 Bxh3 30. Bxc6 Bf5 31. Bxb7+ Kd7 32. Bf3 Ke8 33. g4 Rh3 34. Kg2 Bxg4 35. Bxg4 Rxc3 36. Re1 f5 37. Be2 Rxd4 38. Bd3 Kf7 39. Rb7+ Kf6 40. Rb6 Rxa4 41. Rexe6+ Kg5 42. Rxg6+ Kf4 43. Rb5 Ra2 44. Rxf5+ Ke3 45. Rf2 a4 46. Rg4 1-0


[Site "https://www.chess.com"]

[Event "Titled Tuesday Blitz October 19 2021"]
[White "Rasulov, Vugar"]
[Black "Samunenkov, Ihor"]
[WhiteFideId "13402390"]
[BlackFideId "14187086"]
[WhiteElo "2560"]
[BlackElo "2305"]
[Result "0-1"]
[Round "03"]
[TimeControl "180+1"]
[Date "2021.10.19"]
[WhiteClock "0:00:43"]
[BlackClock "0:00:58"]

1. d4 Nf6 2. c4 e6 3. Nf3 d5 4. Nc3 a6 5. Bg5 dxc4 6. g3 b5 7. Bg2 Bb7 8. O-O Be7 9. Qc2 O-O 10. Rfd1 Nbd7 11. h4 h6 12. Bxf6 Nxf6 13. Ne5 Bxg2 14. Kxg2 Qc8 15. a4 Qb7+ 16. f3 Nd5 17. Kf2 c5 18. Ne4 cxd4 19. Rxd4 f5 20. Nc3 Bc5 21. e3 Nxe3 22. Qd2 Bxd4 23. Qxd4 Nc2 24. Qd6 Nxa1 25. Qxe6+ Kh7 26. Nd5 Rae8 27. Qg6+ Kh8 28. Nc6 Qf7 29. Qd6 Re6 30. Qc5 Rc8 31. axb5 axb5 32. Ndb4 Nb3 33. Qxb5 Rexc6 34. Nxc6 Qd7 35. Qxc4 Rxc6 36. Qxb3 Qd2+ 0-1


[Site "https://www.chess.com"]

[Event "Titled Tuesday Blitz October 19 2021"]
[White "Salimova, Nurgyul"]
[Black "Sukovic, Andrej"]
[WhiteFideId "2915138"]
[BlackFideId "16502310"]
[WhiteElo "2071"]
[BlackElo "2355"]
[Result "1/2-1/2"]
[Round "03"]
[TimeControl "180+1"]
[Date "2021.10.19"]
[WhiteClock "0:00:07"]
[BlackClock "0:00:09"]

1. e4 c6 2. d4 Na6 3. Nf3 Nc7 4. Bd3 d5 5. e5 Bg4 6. Nbd2 e6 7. h3 Bxf3 8. Nxf3 a6 9. c3 c5 10. O-O Ne7 11. dxc5 Ng6 12. b4 Be7 13. Re1 O-O 14. Rb1 Nb5 15. Qc2 Rc8 16. a4 Na7 17. Be3 Nc6 18. Bd4 Qe8 19. g3 f5 20. exf6 Bxf6 21. Bxf6 Rxf6 22. Kg2 e5 23. Bxg6 hxg6 24. b5 axb5 25. axb5 e4 26. bxc6 exf3+ 27. Kg1 Qxc6 28. Rb6 Qc7 29. Rxf6 gxf6 30. Qxg6+ Qg7 31. Qf5 Rd8 32. Qxf3 Qf8 33. Qg4+ Qg7 34. Qxg7+ Kxg7 35. Re7+ Kg6 36. Rxb7 Rc8 37. Rb5 Kf5 38. f3 Ke5 39. Kf2 Ra8 40. g4 Ra3 41. h4 Rxc3 42. h5 Kf4 43. Rb4+ Kg5 44. Kg3 f5 45. gxf5 Rxc5 46. Rg4+ Kxh5 47. Kf4 d4 48. Ke4 d3 49. Rg2 Rc2 50. Rg8 d2 51. Rd8 Kg5 52. Ke3 Rc5 53. Rxd2 Rxf5 54. Rg2+ Kf6 55. Ra2 Rb5 56. Ra6+ Kf5 57. Ra3 Rc5 58. Ra4 Rc3+ 59. Kf2 Rc5 60. Kg3 Rd5 61. Rh4 Kg5 62. Rh8 Rd1 63. Rg8+ Kf6 64. Ra8 Rg1+ 65. Kf4 Rc1 66. Ra6+ Ke7 67. Ke5 Rc5+ 68. Kd4 Rb5 69. Ke4 Kf7 70. f4 Ke7 71. Ra4 Kf6 72. Ra6+ Ke7 73. Rc6 Kf7 74. Kf3 Ke7 75. Kg4 Kf7 76. Ra6 Ke7 77. Rg6 Kf7 78. Rh6 Kg7 79. Re6 Kf7 80. Re1 Ra5 81. Rc1 Rb5 82. Rc6 Ra5 83. Rh6 Kg7 84. Rh1 Kf7 85. Re1 Kf6 86. Rd1 Kf7 87. Rd6 Rb5 88. Rc6 Ra5 89. Kf3 Rd5 90. Ke4 Ra5 91. Rc7+ Ke6 92. Rc6+ Ke7 93. Rc4 Ke6 94. Rd4 Ke7 95. Rb4 Ke6 96. Rb6+ Ke7 97. Rb4 Ke6 98. f5+ Ke7 99. Kf4 Kf7 100. Kg5 Ra6 101. Rb7+ Kf8 102. Rc7 Kg8 103. Rd7 Kf8 104. Kf4 Rb6 105. Ke5 Ke8 106. Rh7 Kf8 107. Kf4 Ra6 108. Kg5 Kg8 109. Rd7 Kf8 110. Rd8+ Ke7 111. Rg8 Kf7 112. Rh8 Kg7 113. Rb8 Kf7 114. Rb7+ Kf8 115. Kf4 Ke8 116. Ke5 Kf8 117. Rd7 Rb6 118. Rc7 Ke8 119. Ke4 Kf8 120. Rc5 Ke7 121. Ke5 Ra6 122. Rc7+ Ke8 123. Rh7 Kf8 124. Kf4 Kg8 125. Rb7 Kf8 126. Kg5 Ke8 127. f6 Ra1 128. Rb8+ Kf7 129. Rb7+ Kf8 130. Rb5 Kf7 131. Rb7+ Kf8 132. Kf5 Rf1+ 133. Ke5 Re1+ 134. Kd5 Rd1+ 135. Ke6 Re1+ 136. Kd6 Rd1+ 137. Ke5 Re1+ 138. Kd4 Rd1+ 139. Ke3 Rf1 140. Rb6 Kf7 141. Ke4 Rxf6 142. Rb7+ Kg6 143. Rb1 Re6+ 144. Kf4 Ra6 145. Rg1+ Kf6 146. Rb1 Ra4+ 147. Ke3 1/2-1/2


[Site "https://www.chess.com"]

[Event "Titled Tuesday Blitz October 19 2021"]
[White "Savchenko, Boris"]
[Black "Leitao, Rafael"]
[WhiteFideId "4147332"]
[BlackFideId "2101246"]
[WhiteElo "2526"]
[BlackElo "2609"]
[Result "1-0"]
[Round "03"]
[TimeControl "180+1"]
[Date "2021.10.19"]
[WhiteClock "0:00:41"]
[BlackClock "0:00:41"]

1. d4 Nf6 2. Nf3 g6 3. g3 Bg7 4. Bg2 O-O 5. O-O d6 6. c4 c6 7. Nc3 Qa5 8. a3 Qh5 9. e4 e5 10. d5 Bg4 11. b4 cxd5 12. Nxd5 Nxd5 13. Qxd5 Nc6 14. Nd2 Nd4 15. Bb2 Be2 16. Rfc1 b6 17. h3 Qg5 18. Bxd4 Qxd2 19. Be3 Qxd5 20. cxd5 Rfc8 21. Rc6 Bb5 22. Rac1 Bxc6 23. dxc6 Bf8 24. Bf1 Rc7 25. b5 d5 26. exd5 Bd6 27. a4 f5 28. f3 f4 29. gxf4 exf4 30. Bd4 Re8 31. h4 Kf7 32. Kf2 Rd8 33. Bh3 Be7 34. Be6+ Kf8 35. h5 Bf6 36. Bxf6 1-0


[Site "https://www.chess.com"]

[Event "Titled Tuesday Blitz October 19 2021"]
[White "Shkapenko, Pavel"]
[Black "Durarbayli, Vasif"]
[WhiteFideId "4151933"]
[BlackFideId "13402935"]
[WhiteElo "2386"]
[BlackElo "2522"]
[Result "1-0"]
[Round "03"]
[TimeControl "180+1"]
[Date "2021.10.19"]
[WhiteClock "0:01:47"]
[BlackClock "0:00:24"]

1. e4 c5 2. c3 d5 3. exd5 Qxd5 4. Nf3 Nf6 5. d4 e6 6. Be2 Be7 7. O-O O-O 8. c4 Qd6 9. dxc5 Qxd1 10. Rxd1 Bxc5 11. Nc3 Nc6 12. a3 b6 13. b4 Be7 14. Bf4 Bb7 15. Ne5 Nxe5 16. Bxe5 Rfc8 17. Nb5 a6 18. Nd6 Bxd6 19. Rxd6 Rc6 20. Rad1 Kf8 21. Bf3 Rac8 22. Bxc6 Bxc6 23. Bxf6 gxf6 24. Rd8+ Rxd8 25. Rxd8+ Ke7 26. Rh8 Be4 27. Rb8 Bd3 28. c5 bxc5 29. bxc5 Kd7 30. Rb6 f5 31. f4 f6 32. Kf2 Bc4 33. Ke3 1-0


[Site "https://www.chess.com"]

[Event "Titled Tuesday Blitz October 19 2021"]
[White "Shtembuliak, Evgeny"]
[Black "Diaz Perez, Michel Alejandro"]
[WhiteFideId "14113325"]
[BlackFideId "3517179"]
[WhiteElo "2504"]
[BlackElo "2337"]
[Result "1-0"]
[Round "03"]
[TimeControl "180+1"]
[Date "2021.10.19"]
[WhiteClock "0:01:11"]
[BlackClock "0:01:23"]

1. e4 c5 2. Nc3 Nc6 3. Bb5 Nd4 4. Bc4 e6 5. Nge2 a6 6. Nxd4 cxd4 7. Ne2 b5 8. Bb3 Qb6 9. d3 Bb4+ 10. Bd2 Be7 11. O-O d6 12. f4 Nf6 13. Kh1 O-O 14. Ng3 Bb7 15. f5 e5 16. Bg5 Qd8 17. Bxf6 Bxf6 18. Qg4 d5 19. exd5 Bxd5 20. Bxd5 Qxd5 21. Ne4 Kh8 22. Rf3 Rac8 23. Nxf6 gxf6 24. Qh4 Rg8 25. Qxf6+ Rg7 26. Rg3 Rg8 27. Re1 Qxa2 28. Qxe5 Qxb2 29. Qxg7+ Rxg7 30. Re8+ 1-0


[Site "https://www.chess.com"]

[Event "Titled Tuesday Blitz October 19 2021"]
[White "Starozhilov, Leonid"]
[Black "Sanal, Vahap"]
[WhiteFideId "14106752"]
[BlackFideId "6300545"]
[WhiteElo "2414"]
[BlackElo "2492"]
[Result "0-1"]
[Round "03"]
[TimeControl "180+1"]
[Date "2021.10.19"]
[WhiteClock "0:00:13"]
[BlackClock "0:01:30"]

1. e4 d6 2. d4 Nf6 3. Nc3 e5 4. dxe5 dxe5 5. Qxd8+ Kxd8 6. Bc4 Ke8 7. Nf3 Bd6 8. Bg5 Nbd7 9. a4 a6 10. h3 h6 11. Bxf6 Nxf6 12. Ke2 a5 13. Rhd1 Ke7 14. Nd5+ Nxd5 15. Bxd5 c6 16. Bc4 Bc7 17. Rd2 g6 18. Rad1 Rb8 19. c3 b5 20. axb5 cxb5 21. Bd5 Ba6 22. Bc6 b4+ 23. Ke1 Kf6 24. Rd7 Rbc8 25. cxb4 axb4 26. Bd5 Rhf8 27. Bb3 Bb5 28. R7d2 Bb8 29. Bd5 Rc5 30. Ra1 Rfc8 31. g4 Bd6 32. Rad1 Be7 33. Bb3 Bc6 34. Bd5 Ba4 35. Ra1 Rc1+ 36. Rxc1 Rxc1+ 37. Ke2 Bb5+ 38. Rd3 Rc2+ 0-1


[Site "https://www.chess.com"]

[Event "Titled Tuesday Blitz October 19 2021"]
[White "Svane, Rasmus"]
[Black "Cunha, Lucas Aguiar"]
[WhiteFideId "4657101"]
[BlackFideId "2125404"]
[WhiteElo "2643"]
[BlackElo "2361"]
[Result "1-0"]
[Round "03"]
[TimeControl "180+1"]
[Date "2021.10.19"]
[WhiteClock "0:00:49"]
[BlackClock "0:01:04"]

1. Nf3 d5 2. g3 Nf6 3. Bg2 c5 4. O-O Nc6 5. d4 e6 6. c4 dxc4 7. Qa4 cxd4 8. Nxd4 Qxd4 9. Bxc6+ bxc6 10. Qxc6+ Qd7 11. Qxa8 Bc5 12. Nc3 O-O 13. Rd1 Qc7 14. Qf3 Bb7 15. e4 Nxe4 16. Nxe4 f5 17. Bf4 fxe4 18. Qe2 Qb6 19. Be3 Bd5 20. Rac1 Rf3 21. Rc3 h6 22. Bxc5 Qxc5 23. Rxf3 exf3 24. Qe3 Qa5 25. a3 Qb6 26. Qxb6 axb6 27. Kf1 Kf7 28. Ke1 Kf6 29. Kd2 Kf5 30. Ke3 Kg4 31. h4 Kh3 32. Rd4 h5 33. Rf4 Kg2 34. Rf7 Kf1 35. Rxg7 Ke1 36. g4 hxg4 37. Rxg4 Kd1 38. h5 Kc2 39. h6 Kxb2 40. h7 c3 41. h8=Q 1-0


[Site "https://www.chess.com"]

[Event "Titled Tuesday Blitz October 19 2021"]
[White "Sydoryka, Vladyslav"]
[Black "Sethuraman, S.P."]
[WhiteFideId "14145928"]
[BlackFideId "5021596"]
[WhiteElo "2282"]
[BlackElo "2477"]
[Result "0-1"]
[Round "03"]
[TimeControl "180+1"]
[Date "2021.10.19"]
[WhiteClock "0:00:03"]
[BlackClock "0:00:15"]

1. c4 Nf6 2. g3 e5 3. Bg2 c6 4. Nf3 e4 5. Nd4 d5 6. d3 Bb4+ 7. Bd2 Qe7 8. Bxb4 Qxb4+ 9. Qd2 Qb6 10. Nc2 O-O 11. cxd5 exd3 12. Qxd3 cxd5 13. O-O Qxb2 14. Nc3 Bf5 15. Qxf5 Qxc3 16. Ne3 Nc6 17. Rfc1 Qd2 18. Rc2 Qb4 19. Nxd5 Nxd5 20. Qxd5 Rad8 21. Qb3 Qxb3 22. axb3 Nd4 23. Rb2 a5 24. Bxb7 Rb8 25. Bd5 Rb5 26. e4 g5 27. Kg2 g4 28. h3 h5 29. hxg4 hxg4 30. Ra4 Nf3 31. Rba2 Rc8 32. Rxa5 Rxa5 33. Rxa5 Rc1 34. Ra8+ Kg7 35. Ra7 Rg1# 0-1


[Site "https://www.chess.com"]